 Dungeon Crawl Stone Soup version 0.29.0-7-g18a832c13a (webtiles) character file.

Game seed: 4219468697631785041

33 gelatine the Sneak (level 3, -1/26 HPs)
             Began as a Demonspawn Wanderer on Aug 31, 2022.
             Slain by a worm (7 damage)
             ... on level 2 of the Dungeon.
             The game lasted 00:02:40 (1335 turns).

gelatine the Sneak (Demonspawn Wanderer)            Turns: 1335, Time: 00:02:40

Health: -1/26      AC:  6    Str: 14    XL:     3   Next: 12%
Magic:  0/3        EV: 12    Int: 10    God:
Gold:   17         SH:  0    Dex: 15    Spells: 2/2 levels left

rFire   . . .      SeeInvis .   a - +2 dagger
rCold   . . .      Faith    .   (no shield)
rNeg    . . .      Spirit   +   f - +0 leather armour
rPois   .          Reflect  .   (no helmet)
rElec   .          Harm     .   d - +0 cloak
rCorr   .          Rampage  .   (no gloves)
Will    .....                   (no boots)
Stlth   +++.......              n - amulet of guardian spirit
HPRegen 0.08/turn               (no ring)
MPRegen 0.08/turn               (no ring)

@: no status effects
A: yellow scales 1, foul stench 1
a: no special abilities


You were on level 2 of the Dungeon.
You visited 1 branch of the dungeon, and saw 2 of its levels.

You collected 17 gold pieces.

Inventory:

Hand Weapons
 a - a +2 dagger (weapon)
Missiles
 k - a poisoned dart (quivered)
Armour
 d - a +0 cloak (worn)
 f - a +0 leather armour (worn)
Jewellery
 n - an amulet of guardian spirit (around neck)
Scrolls
 b - a scroll of blinking
 c - a scroll of fog
 e - a scroll of fear
 j - 3 scrolls of identify {unknown}
 l - a scroll of brand weapon {unknown}
 o - a scroll of magic mapping {unknown}
Potions
 g - 2 potions of haste {unknown}
 h - a potion of mutation {unknown}
 i - 3 potions of curing {unknown}
 m - a potion of attraction {unknown}


   Skills:
 + Level 1.0 Fighting
 + Level 0.1 Short Blades
 + Level 1.3 Armour
 + Level 2.0 Dodging
 + Level 5.1 Stealth
 + Level 1.0 Unarmed Combat
 + Level 1.2 Invocations


You had 2 spell levels left.
You didn't know any spells.
Your spell library was empty.

Dungeon Overview and Level Annotations

Branches:
Dungeon (2/15)

Altars:


Innate Abilities, Weirdness & Mutations

You are partially covered in yellow scales. (AC +2)
You may rarely emit foul miasma when damaged in melee.


Message History

The worm is heavily wounded.
The worm bites you.
You hit the worm.
The worm is severely wounded.
You barely miss the worm.
The worm is severely wounded.
The worm bites you!
You hit the worm.
The worm is almost dead.
You hit the worm.
You kill the worm!
You see here a worm corpse.
You hit the worm.
The worm is lightly wounded.
You hit the worm.
The worm is moderately wounded.
The worm bites you but does no damage.
You hit the worm.
The worm is moderately wounded.
The worm bites you!
You barely miss the worm.
The worm is lightly wounded.
You hit the worm but do no damage.
The worm is lightly wounded.
The worm bites you but does no damage.
You hit the worm.
The worm is moderately wounded.
You hit the worm but do no damage.
The worm is moderately wounded.
The worm bites you.
You barely miss the worm.
The worm is moderately wounded.
The worm bites you.
* * * LOW HITPOINT WARNING * * *
You completely miss the worm.
The worm is moderately wounded.
You completely miss the worm.
The worm is moderately wounded.
The worm bites you!
You die...

#........#
#........#
#......+##
#......# #....).#
#......# #......#
#
##.#+#.######+..#
#. #...†.@w...#
#. ####.......#
#########


You could see a worm.

Vanquished Creatures
  A worm (D:2)
  2 dart slugs (D:1)
  A bat (D:1)
  An endoplasm (D:1)
  2 goblins (D:1)
  2 hobgoblins (D:1)
  6 jackals
  2 quokkas (D:1)
  A ball python (D:1)
  4 kobolds
  A rat (D:1)
23 creatures vanquished.

Notes
Turn   | Place    | Note
-------+----------+-------------------------------------------
     0 | D:1      | gelatine the Demonspawn Wanderer began the quest for the
                  | Orb.
     0 | D:1      | gelatine set off with the following items: a +2 dagger, a
                  | scroll of blinking, a scroll of fog, a +0 cloak, a scroll
                  | of fear, a +0 leather armour.
     0 | D:1      | Reached XP level 1. HP: 15/15 MP: 1/1
   285 | D:1      | Gained mutation: You may rarely emit foul miasma when
                  | damaged in melee. [demonic ancestry]
   285 | D:1      | Reached XP level 2. HP: 5/21 MP: 2/2
   587 | D:1      | Reached skill level 5 in Stealth
   896 | D:1      | Reached skill level 1 in Armour
  1258 | D:2      | Gained mutation: You are partially covered in yellow
                  | scales. (AC +2) [demonic ancestry]
  1258 | D:2      | Reached XP level 3. HP: 22/26 MP: 3/3
  1335 | D:2      | Slain by a worm

Illustrated notes

Levels and vault maps discovered:
D:1:      sevenhm_arrival_forest_fort_large_2, layout_rooms
D:2:      layout_basic, serial_rivers, chequers_serial_rivers_micro_e,
          chequers_serial_rivers_room_b, chequers_serial_rivers_small_b,
          chequers_serial_rivers_small_3, chequers_serial_rivers_room_a,
          chequers_serial_rivers_small_3, hellmonk_ecumenical_altar_dog_temple,
          minmay_tall_x

Skill      XL: |  1  2 |
---------------+-------+-----
Stealth        | 5 |  5.1
Armour         | 1 |  1.3
Dodging        | 2 |  2.0
Fighting       | |  1.0
Short Blades   | |  0.1
Unarmed Combat | |  1.0
Invocations    | |  1.2

Action                   || total
-------------------------++-------
Melee: Dagger            ||   116
       Punch             ||     1
Throw: Dart              ||     5
 Stab: Sleeping          ||     1
Armor: Leather armour    ||    38
Dodge: Dodged            ||    85
